 Dungeon Crawl Stone Soup version 0.27-a0-379-g34d631faf5 (webtiles) character file.

Game seed: 15467516017821523163

7 KARNOV the Grave Robber (level 1, 10/10 HPs)
             Began as a Deep Elf Necromancer on Feb 17, 2021.
             Quit the game on level 1 of the Dungeon.
             The game lasted 00:00:55 (465 turns).

KARNOV the Grave Robber (Deep Elf Necromancer)       Turns: 465, Time: 00:00:55

Health: 10/10      AC:  2    Str:  5    XL:     1   Next: 91%
Magic:  6/6        EV: 13    Int: 19    God:
Gold:   44         SH:  0    Dex: 15    Spells: 5/6 levels left

rFire    . . .     SeeInvis .   c - +0 dagger
rCold    . . .     Faith    .   (no shield)
rNeg     . . .     Spirit   .   a - +0 robe
rPois    .         Reflect  .   (no helmet)
rElec    .         Harm     .   (no cloak)
rCorr    .         Rampage  .   (no gloves)
Will     .....                  (no boots)
Stlth    ++........             (no amulet)
HPRegen  0.03/turn              (no ring)
MPRegen  0.10/turn              (no ring)

@: no status effects
A: no striking features
a: no special abilities


You were on level 1 of the Dungeon.
You visited 1 branch of the dungeon, and saw 1 of its levels.

You collected 44 gold pieces.

Inventory:

Hand Weapons
 c - a +0 dagger (weapon)
Armour
 a - a +0 robe (worn)
Scrolls
 b - a scroll of teleportation {unknown}
Potions
 d - a potion of magic {unknown}
 e - a potion of attraction {unknown}


   Skills:
 + Level 2.5 Dodging
 + Level 2.4 Stealth
 + Level 3.1 Spellcasting
 + Level 5.2 Necromancy


You had 5 spell levels left.
You knew the following spells:

 Your Spells              Type           Power        Failure   Level
a - Pain                  Necr           88%          1%          1

Your spell library contained the following spells:

 Spells                   Type           Power        Failure   Level
 Animate Skeleton         Necr           44%          1%          1
 Vampiric Draining        Necr           11%          5%          3
 Animate Dead             Necr           11%          19%         4
 Agony                    Necr           22%          45%         5


Dungeon Overview and Level Annotations

Branches:
Dungeon (1/15)

Altars:


Message History

Press: ? - help, Shift-Dir - straight line, f/p - giant cockroach
Aim: a giant cockroach (heavily wounded, chance to affect: 91%)
The giant cockroach writhes in agony.
You kill the giant cockroach!
Things that are here:
a +0 short sword; a stone; a kobold corpse You now have 12 gold pieces.
As you open the door, it creaks loudly!
There is an open door here.
You now have 27 gold pieces (gained 15).
Found a stone staircase leading down.
You now have 30 gold pieces (gained 3).
b - a scroll labelled UTATUTA RIEWOMU You open the door.
A goblin comes into view. It is wielding a +0 club.
Found a dagger and 15 stones.
There is an open door here.
The goblin misses you.
Casting: Pain (safe; 1% risk of failure)
Confirm with . or Enter, or press ? or * to list all spells.
Aiming: Pain (safe; 1% risk of failure)
Press: ? - help, Shift-Dir - straight line, f - goblin
Aim: a goblin, wielding a +0 club (chance to affect: 91%)
The goblin writhes in agony!
You kill the goblin!
Things that are here:
a +0 club; a goblin corpse You see here a dagger.
c - a dagger
c - a +0 dagger (weapon)
A giant cockroach comes into view.
A giant cockroach is nearby!
The helpless giant cockroach fails to defend itself.
You puncture the giant cockroach!
You kill the giant cockroach!
d - a white potion
e - a green potion
Found a stone staircase leading down.
You now have 44 gold pieces (gained 14).
Found a pair of gloves.
Are you sure you want to abandon this character and quit the game? (Confirm with "yes".)

##.#.####.. #...#
########..####.#
...............#
#########.###### #..# #
#..#
#####.###########..#####
[......@...............#
......############..##.#
##### #.........>##.#
#.###########.# #.# #.#
#.# #.# #.# #.# #.# #.#
#.###########.#


There were no monsters in sight!

Vanquished Creatures
  3 giant cockroaches (D:1)
  A goblin (D:1)
  A kobold (D:1)
  A ball python (D:1)
6 creatures vanquished.

Notes
Turn   | Place    | Note
-------+----------+-------------------------------------------
     0 | D:1      | KARNOV the Deep Elf Necromancer began the quest for the
                  | Orb.
     0 | D:1      | Reached XP level 1. HP: 10/10 MP: 6/6
    93 | D:1      | Reached skill level 5 in Necromancy
   465 | D:1      | Quit the game

Illustrated notes

Levels and vault maps discovered:
D:1:      sevenhm_arrival_forest_fort_small_3, layout_basic

Skill      XL: |  1 |
---------------+----+-----
Necromancy     | 5 |  5.2
Dodging        | |  2.5
Stealth        | |  2.4
Spellcasting   | |  3.1

Action                   || total
-------------------------++-------
Melee: Dagger            ||     1
 Cast: Pain              ||     7
 Stab: Sleeping          ||     1
Dodge: Dodged            ||     2

Table legend: (Time is in decaauts)
 A = Elapsed time spent in this place.
 B = Non-inter-level travel time spent in this place.
 C = Inter-level travel time spent in this place.
 D = Time resting spent in this place.
 E = Time spent auto-exploring this place.
 F = Levels seen in this place.
 G = Mean time per level.
                   A        B        C        D        E       F      G
               +--------+--------+--------+--------+--------+-----+--------+
         Total |    464 |    464 |      0 |      0 |    433 |   1 |  464.0 |
       Dungeon |    464 |    464 |      0 |      0 |    433 |   1 |  464.0 |
               +--------+--------+--------+--------+--------+-----+--------+

Top non-repeatable levels by time:
     D:1: 464 daAuts
